MLB
ATLANTA BRAVES @ TEXAS RANGERS
10/03/2098
 
TOP OF THE 1ST
Atlanta Braves batting - Pitching for Texas Rangers : RHP Steve Sullivan
Pitching: RHP Steve Sullivan
Batting: LHB Jordan Montijo 0-0: Foul Ball, location: 2F
0-1: Called Strike
0-2: Ball
1-2: Foul Ball, location: 9LSF
1-2: DOUBLE (Flyball, 89D, EV 110.0 MPH)
Batting: LHB Wade Ronsonet 0-0: Foul Ball, location: 2F
0-1: Ball
1-1: Ground out 4-3 (Groundball, 4, EV 77.5 MPH)
Jordan Montijo to third
Batting: RHB Ramon Carrion 0-0: Ball
1-0: Ball
2-0: Swinging Strike
2-1: Ball
3-1: Swinging Strike
3-2: Foul Ball, location: 2F
3-2: Foul Ball, location: 2F
3-2: Strikes out swinging
Batting: LHB Omar Carreon 0-0: Ball
1-0: Ball
2-0: Called Strike
2-1: Foul Ball, location: 2F
2-2: Ball
3-2: 2-RUN HOME RUN (Line Drive, 9D, EV 98.8 MPH), Distance : 376 ft
Batting: SHB Joe Richardson 0-0: Swinging Strike
0-1: Foul Ball, location: 7LSF
0-2: Ball
1-2: Ball
2-2: Foul Ball, location: 7LSF
2-2: Strikes out swinging
Top of the 1st over - 2 runs, 2 hits, 0 errors, 0 left on base; Atlanta 2 - Texas 0
BOTTOM OF THE 1ST
Texas Rangers batting - Pitching for Atlanta Braves : RHP Bill Black
Pitching: RHP Bill Black
Batting: SHB Luis Chavez 0-0: Swinging Strike
0-1: Called Strike
0-2: Ball
1-2: Ball
2-2: Foul Ball, location: 2F
2-2: Strikes out swinging
Batting: RHB Chris Patrick 0-0: Called Strike
0-1: Ball
1-1: Ball
2-1: Swinging Strike
2-2: Strikes out looking
Batting: LHB Simeone DeVito 0-0: Called Strike
0-1: Called Strike
0-2: Strikes out swinging
Bottom of the 1st over - 0 runs, 0 hits, 0 errors, 0 left on base; Atlanta 2 - Texas 0
TOP OF THE 2ND
Atlanta Braves batting - Pitching for Texas Rangers : RHP Steve Sullivan
Batting: RHB Antonio Mejia 0-0: Called Strike
0-1: Called Strike
0-2: Ball
1-2: Foul Ball, location: 3SF
1-2: Foul Ball, location: 2F
1-2: Foul Ball, location: 2F
1-2: Ground out 6-3 (Groundball, 6, EV 90.6 MPH)
Batting: LHB Mike Hancock 0-0: Ball
1-0: Ground out 6-3 (Groundball, 6, EV 84.4 MPH)
Batting: RHB Luis Saez 0-0: Ball
1-0: Called Strike
1-1: Ball
2-1: Called Strike
2-2: Strikes out swinging
Top of the 2nd over - 0 runs, 0 hits, 0 errors, 0 left on base; Atlanta 2 - Texas 0
BOTTOM OF THE 2ND
Texas Rangers batting - Pitching for Atlanta Braves : RHP Bill Black
Batting: RHB Kevin Hock 0-0: Called Strike
0-1: Swinging Strike
0-2: Foul Ball, location: 9LMF
0-2: Foul Ball, location: 5FF
0-2: Ball
1-2: Foul Ball, location: 25F
1-2: SINGLE (Groundball, 6MD, EV 103.1 MPH)
Batting: LHB Charlie Gagne 0-0: Called Strike
0-1: Foul Ball, location: 3DF
0-2: Ball
1-2: Strikes out swinging
Batting: LHB Marquis Newkirk 0-0: Called Strike
0-1: Ball
1-1: Ball
2-1: SINGLE (Flyball, 7LS, EV 100.0 MPH)
Kevin Hock to second
Batting: RHB Josh Mehl 0-0: Ball
1-0: Ball
2-0: Ball
3-0: Base on Balls
Kevin Hock to third
Marquis Newkirk to second
Batting: LHB Scott Spencer 0-0: Ball
1-0: Called Strike
1-1: Fly out, F7 (Flyball, 7LM, EV 96.3 MPH)
Runner from 3rd tags up, SCORES, no throw by LF
Batting: RHB Chris Daly 0-0: Ball
1-0: Fly out, F7 (Flyball, 78M, EV 76.3 MPH)
Bottom of the 2nd over - 1 run, 2 hits, 0 errors, 2 left on base; Atlanta 2 - Texas 1
TOP OF THE 3RD
Atlanta Braves batting - Pitching for Texas Rangers : RHP Steve Sullivan
Batting: RHB Tim Reffner 0-0: Called Strike
0-1: Called Strike
0-2: Strikes out swinging
Batting: LHB Jordan Montijo 0-0: Ball
1-0: Foul Ball, location: 3FF
1-1: Foul Ball, location: 5DF
1-2: Strikes out swinging
Batting: LHB Wade Ronsonet 0-0: Ball
1-0: Bunted foul
1-1: TRIPLE (Line Drive, 7LD, EV 108.8 MPH)
Batting: RHB Ramon Carrion 0-0: Ball
1-0: Ball
2-0: Called Strike
2-1: Ball
3-1: Foul Ball, location: 9LSF
3-2: 2-RUN HOME RUN (Flyball, 7D, EV 92.5 MPH), Distance : 359 ft
Batting: LHB Omar Carreon 0-0: Ball
1-0: Ball
2-0: Swinging Strike
2-1: Ball
3-1: Foul Ball, location: 23FF
3-2: Foul Ball, location: 5F
3-2: Base on Balls
Batting: SHB Joe Richardson 0-0: Called Strike
0-1: Called Strike
0-2: Ball
1-2: Fly out, F9 (Flyball, 89XD, EV 108.8 MPH)
Top of the 3rd over - 2 runs, 2 hits, 0 errors, 1 left on base; Atlanta 4 - Texas 1
BOTTOM OF THE 3RD
Texas Rangers batting - Pitching for Atlanta Braves : RHP Bill Black
Batting: SHB Luis Chavez 0-0: Foul Ball, location: 3SF
0-1: Foul Ball, location: 7LSF
0-2: Strikes out swinging
Batting: RHB Chris Patrick 0-0: Called Strike
0-1: SINGLE (Line Drive, 7S, EV 110.0 MPH)
Batting: LHB Simeone DeVito 0-0: Swinging Strike
0-1: Swinging Strike
0-2: Ball
1-2: Strikes out swinging
Batting: RHB Kevin Hock 0-0: Called Strike
0-1: Ball
1-1: Swinging Strike
1-2: Strikes out swinging
Bottom of the 3rd over - 0 runs, 1 hit, 0 errors, 1 left on base; Atlanta 4 - Texas 1
TOP OF THE 4TH
Atlanta Braves batting - Pitching for Texas Rangers : RHP Steve Sullivan
Batting: RHB Antonio Mejia 0-0: Fly out, F8 (Flyball, 8LXD, EV 85.6 MPH)
Batting: LHB Mike Hancock 0-0: Ball
1-0: Ball
2-0: Ball
3-0: Called Strike
3-1: Called Strike
3-2: Fly out, F9 (Flyball, 9D, EV 104.4 MPH)
Batting: RHB Luis Saez 0-0: Ball
1-0: Ground out 6-3 (Groundball, 6, EV 106.3 MPH)
Top of the 4th over - 0 runs, 0 hits, 0 errors, 0 left on base; Atlanta 4 - Texas 1
BOTTOM OF THE 4TH
Texas Rangers batting - Pitching for Atlanta Braves : RHP Bill Black
Batting: LHB Charlie Gagne 0-0: Ground out 6-3 (Groundball, 6S, EV 81.3 MPH)
Batting: LHB Marquis Newkirk 0-0: Swinging Strike
0-1: Called Strike
0-2: Ball
1-2: Strikes out swinging
Batting: RHB Josh Mehl 0-0: Called Strike
0-1: Foul Ball, location: 7LDF
0-2: Strikes out looking
Bottom of the 4th over - 0 runs, 0 hits, 0 errors, 0 left on base; Atlanta 4 - Texas 1
TOP OF THE 5TH
Atlanta Braves batting - Pitching for Texas Rangers : RHP Steve Sullivan
Batting: RHB Tim Reffner 0-0: Ball
1-0: Ball
2-0: Fly out, F4 (Popup, 4, EV 56.3 MPH)
Batting: LHB Jordan Montijo 0-0: Called Strike
0-1: Ball
1-1: Ball
2-1: Ball
3-1: Foul Ball, location: 5SF
3-2: DOUBLE (Line Drive, 89D, EV 108.8 MPH)
Batting: LHB Wade Ronsonet 0-0: Ball
Wild Pitch!
Jordan Montijo to third
1-0: Swinging Strike
1-1: Foul Ball, location: 7LDF
1-2: Fly out, F8 (Line Drive, 8RM, EV 86.9 MPH)
Runner from 3rd tags up, SCORES, throw by CF
Batting: RHB Ramon Carrion 0-0: Ball
1-0: Ball
2-0: Called Strike
2-1: Foul Ball, location: 2F
2-2: Foul Ball, location: 2F
2-2: Foul Ball, location: 3SF
2-2: Ground out 6-3 (Groundball, 6, EV 80.0 MPH)
Top of the 5th over - 1 run, 1 hit, 0 errors, 0 left on base; Atlanta 5 - Texas 1
BOTTOM OF THE 5TH
Texas Rangers batting - Pitching for Atlanta Braves : RHP Bill Black
Batting: LHB Scott Spencer 0-0: Swinging Strike
0-1: Foul Ball, location: 2F
0-2: Ball
1-2: Strikes out swinging
Batting: RHB Chris Daly 0-0: SINGLE (Line Drive, 56D, EV 98.1 MPH)
Batting: SHB Luis Chavez 0-0: Fly out, F7 (Flyball, 7D, EV 102.5 MPH)
Batting: RHB Chris Patrick 0-0: Ball
1-0: Swinging Strike
1-1: Ball
2-1: Ball
3-1: Base on Balls
Chris Daly to second
Batting: LHB Simeone DeVito 0-0: Swinging Strike
0-1: Fly out, F5 (Popup, 5S, EV 73.1 MPH)
Bottom of the 5th over - 0 runs, 1 hit, 0 errors, 2 left on base; Atlanta 5 - Texas 1
TOP OF THE 6TH
Atlanta Braves batting - Pitching for Texas Rangers : RHP Steve Sullivan
Pitching: RHP Arturo Segura
Batting: LHB Omar Carreon 0-0: Foul Ball, location: 23FF
0-1: Foul Ball, location: 3F
0-2: Strikes out looking
Batting: SHB Joe Richardson 0-0: Foul Ball, location: 2F
0-1: Foul Ball, location: 7LDF
0-2: DOUBLE (Flyball, 89D, EV 100.6 MPH)
Batting: RHB Antonio Mejia 0-0: Swinging Strike
0-1: Ball
1-1: Ball
2-1: Foul Ball, location: 9LMF
2-2: Foul Ball, location: 5SF
2-2: Strikes out looking
Batting: LHB Mike Hancock 0-0: Ball
1-0: Called Strike
1-1: Ball
2-1: Called Strike
2-2: Ball
3-2: SINGLE (Groundball, 5D, EV 105.6 MPH) (infield hit)
Joe Richardson to third
Batting: RHB Luis Saez 0-0: Ball
1-0: Swinging Strike
1-1: Ball
2-1: Foul Ball, location: 5SF
2-2: Foul Ball, location: 5FF
2-2: Ball
3-2: Foul Ball, location: 9LDF
3-2: Strikes out swinging
Top of the 6th over - 0 runs, 2 hits, 0 errors, 2 left on base; Atlanta 5 - Texas 1
BOTTOM OF THE 6TH
Texas Rangers batting - Pitching for Atlanta Braves : RHP Bill Black
Batting: RHB Kevin Hock 0-0: Ball
1-0: Fly out, F8 (Flyball, 8RD, EV 88.8 MPH)
Batting: LHB Charlie Gagne 0-0: Ball
1-0: Swinging Strike
1-1: Foul Ball, location: 2F
1-2: Strikes out swinging
Batting: LHB Marquis Newkirk 0-0: Foul Ball, location: 2F
0-1: Swinging Strike
0-2: Foul Ball, location: 23FF
0-2: Ball
1-2: Ball
2-2: Foul Ball, location: 5DF
2-2: Strikes out looking
Bottom of the 6th over - 0 runs, 0 hits, 0 errors, 0 left on base; Atlanta 5 - Texas 1
TOP OF THE 7TH
Atlanta Braves batting - Pitching for Texas Rangers : RHP Arturo Segura
Batting: RHB Tim Reffner 0-0: Ball
1-0: Swinging Strike
1-1: Foul Ball, location: 7LMF
1-2: Strikes out swinging
Batting: LHB Jordan Montijo 0-0: Called Strike
0-1: Ball
1-1: Ball
2-1: Ball
3-1: Base on Balls
Pitching: RHP Kelyn Norlander
Batting: LHB Wade Ronsonet 0-0: Ball
1-0: Foul Ball, location: 3DF
1-1: Called Strike
1-2: Ball
2-2: Foul Ball, location: 25F
2-2: Grounds into double play, 4-6-3 (Groundball, 34, EV 93.8 MPH)
Top of the 7th over - 0 runs, 0 hits, 0 errors, 0 left on base; Atlanta 5 - Texas 1
BOTTOM OF THE 7TH
Texas Rangers batting - Pitching for Atlanta Braves : RHP Bill Black
Pitching: RHP Randy Clymer
Batting: RHB Josh Mehl 0-0: Ball
1-0: Ball
2-0: Ball
3-0: Called Strike
3-1: Foul Ball, location: 3FF
3-2: Strikes out looking
Batting: LHB Scott Spencer 0-0: Foul Ball, location: 2F
0-1: Ball
1-1: Ball
2-1: Foul Ball, location: 7LDF
2-2: Strikes out swinging
Batting: RHB Chris Daly 0-0: Ball
1-0: Swinging Strike
1-1: Called Strike
1-2: Hit by Pitch
Batting: SHB Luis Chavez 0-0: Swinging Strike
0-1: Foul Ball, location: 2F
0-2: Ball
1-2: SINGLE (Groundball, 6MD, EV 98.8 MPH)
Chris Daly to second
Batting: RHB Chris Patrick 0-0: Ball
1-0: Foul Ball, location: 2RF
1-1: Called Strike
1-2: Fielders Choice at 3rd, U5 (Groundball, 5L, EV 100.0 MPH)
Bottom of the 7th over - 0 runs, 1 hit, 0 errors, 1 left on base; Atlanta 5 - Texas 1
TOP OF THE 8TH
Atlanta Braves batting - Pitching for Texas Rangers : RHP Kelyn Norlander
Batting: RHB Ramon Carrion 0-0: Ball
1-0: Ball
2-0: Called Strike
2-1: Ball
3-1: Base on Balls
Batting: LHB Omar Carreon 0-0: Ball
1-0: Ball
2-0: Fielders Choice at 2nd, 5-4 (Groundball, 15, EV 82.5 MPH)
Batting: SHB Joe Richardson 0-0: Called Strike
0-1: Fielders Choice at 2nd, 3-6 (Groundball, 3, EV 83.8 MPH)
Batting: RHB Antonio Mejia 0-0: Ball
1-0: Ball
Joe Richardson steals 2nd base
2-0: Foul Ball, location: 5FF
2-1: SINGLE (Groundball, 4M, EV 105.0 MPH) (infield hit)
Joe Richardson to third
Batting: LHB Mike Hancock 0-0: Swinging Strike
0-1: Ball
1-1: Ball
2-1: Ball
3-1: Base on Balls
Antonio Mejia to second
Batting: RHB Luis Saez 0-0: Called Strike
0-1: Ball
1-1: Ball
2-1: DOUBLE (Flyball, 8RXD, EV 99.4 MPH)
Joe Richardson scores
Antonio Mejia scores
Mike Hancock to third
Batting: RHB Tim Reffner 0-0: Called Strike
0-1: Ball
1-1: Called Strike
1-2: Strikes out swinging
Top of the 8th over - 2 runs, 2 hits, 0 errors, 2 left on base; Atlanta 7 - Texas 1
BOTTOM OF THE 8TH
Texas Rangers batting - Pitching for Atlanta Braves : RHP Randy Clymer
Pitching: RHP Kenny Ward
Batting: LHB Simeone DeVito 0-0: Swinging Strike
0-1: DOUBLE (Line Drive, 7LS, EV 100.6 MPH)
Batting: RHB Kevin Hock 0-0: Foul Ball, location: 2F
0-1: Foul Ball, location: 2F
0-2: Ball
1-2: Ball
2-2: Ground out 6-3 (Groundball, 6, EV 86.9 MPH)
Batting: LHB Charlie Gagne 0-0: 2-RUN HOME RUN (Line Drive, 9LD, EV 96.3 MPH), Distance : 353 ft
Batting: LHB Marquis Newkirk 0-0: Ball
1-0: Called Strike
1-1: Ball
2-1: Called Strike
2-2: Strikes out swinging
Batting: RHB Josh Mehl 0-0: Called Strike
0-1: Ball
1-1: Called Strike
1-2: Strikes out swinging
Bottom of the 8th over - 2 runs, 2 hits, 0 errors, 0 left on base; Atlanta 7 - Texas 3
TOP OF THE 9TH
Atlanta Braves batting - Pitching for Texas Rangers : RHP Kelyn Norlander
Pitching: RHP Aaron Aycock
Batting: LHB Jordan Montijo 0-0: Called Strike
0-1: SINGLE (Line Drive, 7LS, EV 88.1 MPH)
Batting: LHB Wade Ronsonet 0-0: Ball
1-0: Foul Ball, location: 5DF
1-1: SINGLE (Line Drive, 78S, EV 90.6 MPH)
Jordan Montijo to second
Batting: RHB Ramon Carrion 0-0: SINGLE (Line Drive, 5D, EV 96.9 MPH)
Jordan Montijo to third
Wade Ronsonet to second
Batting: LHB Omar Carreon 0-0: Ball
1-0: Hit by Pitch
Jordan Montijo scores
Wade Ronsonet to third
Ramon Carrion to second
Batting: SHB Joe Richardson 0-0: Ball
1-0: Fly out, F7 (Flyball, 7, EV 91.3 MPH)
Runner from 3rd tags up, SCORES, throw by LF
Batting: RHB Antonio Mejia 0-0: Called Strike
0-1: Foul Ball, location: 2LF
0-2: Strikes out looking
Batting: LHB Mike Hancock 0-0: Ground out U3 (Groundball, 3, EV 91.3 MPH)
Top of the 9th over - 2 runs, 3 hits, 0 errors, 2 left on base; Atlanta 9 - Texas 3
BOTTOM OF THE 9TH
Texas Rangers batting - Pitching for Atlanta Braves : RHP Kenny Ward
Batting: LHB Scott Spencer 0-0: Foul Ball, location: 2F
0-1: Ball
1-1: Ball
2-1: Called Strike
2-2: Foul Ball, location: 2F
2-2: Foul Ball, location: 2F
2-2: Ball
3-2: Strikes out swinging
Pinch Hitting: LHB Nick Gunnels 0-0: Called Strike
0-1: Ball
1-1: Ball
2-1: Called Strike
2-2: Strikes out looking
Batting: SHB Luis Chavez 0-0: Called Strike
0-1: Ball
1-1: Ground out 5-3 (Groundball, 5, EV 83.1 MPH)
Bottom of the 9th over - 0 runs, 0 hits, 0 errors, 0 left on base; Atlanta 9 - Texas 3
Tuesday, April 16th , 2024 - OOTP Baseball 24.11 Build 85